Map: Kairos Junction LE

Players

Apoptosis - Winner!

  • Race: Zerg Zerg
  • League: Diamond
  • Spawn Location: 11:00

willlu

  • Race: Terran Terran
  • League: Diamond
  • Spawn Location: 5:00

VOD

Have the link to the VOD?

Description

Time

  • Played on: Jan. 8, 2019, 6:18 a.m.
  • Length: 14:31
Show
View Real Time Build Order
Export as new Build Order

Apoptosis Zerg - Winner!

Build Orders: Hatch First, Swarm Host 

Get SALT Encoding   

  12  0:01  Drone  
  13  0:12  Overlord  
  13  0:18  Drone  
  14  0:30  Drone x2  
  16  0:50  Hatchery  
  16  0:53  Drone  
  16  0:57  Drone  
  16  1:00  Drone  
  18  1:11  Extractor  
  18  1:17  Spawning Pool  
  16  1:20  Drone  
  16  1:24  Drone  
  18  1:28  Drone  
  19  1:38  Overlord  
  19  1:49  Drone  
  20  2:04  Queen x2  
  20  2:05  Zergling x4  
  26  2:13  Metabolic Boost  
  26  2:16  Drone  
  26  2:19  Drone  
  26  2:22  Drone  
  29  2:25  Drone  
  30  2:44  Hatchery  
  29  2:54  Drone  
  29  2:55  Overlord  
  30  2:58  Overlord  
  30  3:03  Pneumatized Carapace  
  30  3:09  Queen  
  32  3:13  Drone  
  32  3:14  Drone  
  32  3:17  Drone  
  35  3:33  Drone x2  
  35  3:34  Drone x5  
  42  3:45  Queen  
  44  3:49  Roach Warren  
  43  3:56  Queen  
  43  3:57  Overlord  
  43  3:59  Overlord  
  45  4:03  Overlord  
  45  4:15  Drone, Evolution Chamber x2  
  45  4:16  Drone x3  
  45  4:17  Drone  
  48  4:20  Extractor  
  48  4:22  Extractor  
  46  4:28  Drone x4  
  46  4:29  Drone  
  51  4:40  Roach x2  
  51  4:41  Roach  
  51  4:43  Zerg Missile Weapons Level 1  
  57  4:47  Drone x2  
  59  4:57  Drone x4  
  59  4:58  Overlord  
  63  5:06  Zerg Ground Armor Level 1  
  63  5:15  Overlord x2  
  63  5:17  Roach x3  
  69  5:23  Lair  
  69  5:26  Queen  
  71  5:42  Drone  
  72  5:43  Drone x8  
  72  5:44  Drone x2  
  82  5:51  Roach x3  
  82  5:52  Roach  
  82  5:55  Overlord  
  90  5:57  Overlord  
  90  6:16  Extractor, Drone x3  
  90  6:17  Extractor, Drone x3  
  90  6:18  Drone x3  
  97  6:21  Roach x5  
  107  6:45  Overseer  
  107  6:50  Zerg Missile Weapons Level 2, Extractor  
  107  6:52  Glial Reconstitution  
  106  6:59  Hatchery  
  105  7:05  Roach x2  
  105  7:06  Roach x2  
  105  7:07  Overlord x2  
  105  7:08  Overlord x5  
  113  7:41  Zergling x8  
  113  7:42  Zergling x22  
  128  7:44  Ravager x9  
  128  7:45  Ravager x2  
  139  7:57  Zerg Ground Armor Level 2  
  101  8:29  Roach x3  
  101  8:30  Roach x17  
  133  8:39  Queen  
  135  8:46  Hatchery  
  121  8:51  Zergling x14  
  128  8:56  Drone x4  
  132  9:02  Hydralisk Den  
  132  9:06  Ravager x2  
  132  9:07  Ravager x5  
  132  9:08  Zergling x8  
  142  9:11  Hatchery  
  142  9:14  Queen  
  142  9:16  Overlord x3  
  143  9:29  Queen  
  145  9:32  Drone x6  
  145  9:33  Drone  
  132  9:53  Muscular Augments  
  132  9:55  Infestation Pit, Roach x12  
  132  9:57  Spire  
  154  10:16  Ravager x4  
  154  10:20  Zergling x2  
  154  10:21  Zergling x2  
  160  10:31  Hive  
  160  10:33  Hydralisk x3  
  160  10:35  Zergling x8  
  167  10:36  Zergling x32  
  186  10:49  Overlord x5  
  186  11:05  Grooved Spines  
  186  11:06  Queen  
  186  11:11  Ravager x7  
  195  11:12  Ravager  
  164  11:47  Zergling x14  
  164  11:48  Zergling x48  
  195  12:00  Greater Spire  
  123  12:32  Roach  
  123  12:33  Roach x23  
  123  12:34  Roach  
  161  12:48  Extractor  
  161  12:49  Extractor  
  159  13:02  Swarm Host x3  
  159  13:03  Swarm Host x3  
  174  13:14  Swarm Host  
  174  13:15  Swarm Host  
  180  13:28  Drone x5  
  180  13:29  Swarm Host x4, Drone x2  
  199  13:46  Swarm Host  
  199  13:47  Swarm Host x2  
Show
View Real Time Build Order
Export as new Build Order

willlu Terran 

Build Orders: Command Center First (CC), Mech 

Get SALT Encoding   

  12  0:00  SCV  
  13  0:13  SCV  
  14  0:17  Supply Depot  
  14  0:25  SCV  
  15  0:39  SCV  
  16  0:51  SCV  
  17  1:04  SCV  
  17  1:05  Command Center  
  18  1:16  SCV  
  19  1:19  Barracks  
  19  1:28  SCV  
  19  1:31  Refinery  
  20  1:33  Refinery  
  20  1:40  Supply Depot, SCV  
  21  1:52  SCV  
  22  1:58  Engineering Bay  
  22  2:04  SCV  
  22  2:08  Marine  
  24  2:18  Orbital Command  
  24  2:28  Factory  
  24  2:34  Engineering Bay  
  24  2:44  Orbital Command  
  24  2:49  SCV  
  25  3:00  Factory  
  25  3:07  SCV  
  26  3:18  SCV  
  26  3:19  SCV  
  28  3:32  Factory Tech Lab, SCV  
  28  3:33  SCV  
  30  3:42  Refinery  
  30  3:44  SCV  
  30  3:45  SCV, Refinery  
  32  3:55  Armory  
  32  3:56  SCV  
  32  3:57  SCV  
  32  3:59  Factory  
  32  4:02  Siege Tank  
  37  4:03  Factory Tech Lab  
  37  4:08  SCV  
  37  4:09  SCV  
  39  4:13  Supply Depot  
  39  4:20  SCV  
  39  4:21  SCV  
  41  4:27  Siege Tank  
  44  4:32  Supply Depot, SCV  
  44  4:33  SCV  
  46  4:45  SCV x2  
  47  4:52  Factory Tech Lab  
  47  4:53  Siege Tank  
  47  4:57  SCV x2  
  47  4:58  Factory  
  52  5:02  Factory  
  54  5:07  Hellion  
  54  5:09  SCV  
  54  5:10  SCV, Missile Turret  
  54  5:13  Missile Turret  
  56  5:21  SCV  
  57  5:22  SCV  
  57  5:24  Terran Vehicle Weapons Level 1  
  57  5:25  Hellion  
  60  5:31  Supply Depot  
  60  5:33  SCV  
  60  5:35  Supply Depot  
  61  5:42  Factory Tech Lab  
  61  5:45  Factory Reactor  
  61  5:49  Supply Depot x2  
  61  5:53  Hellion  
  61  5:55  Hellion  
  61  5:56  Thor  
  71  6:02  Cyclone  
  74  6:05  Infernal Pre-Igniter  
  74  6:07  Mag-Field Accelerator  
  74  6:14  Cyclone  
  74  6:17  Hellion  
  79  6:25  Supply Depot  
  79  6:28  Supply Depot, SCV x2  
  79  6:34  Cyclone  
  79  6:38  Hellion  
  84  6:40  Hellion  
  84  6:46  Hellion x2  
  84  6:47  Hellion  
  90  6:57  Supply Depot  
  90  6:59  Supply Depot x2, Hellion  
  94  7:01  Hellion  
  94  7:06  Hellion  
  94  7:08  Hellion x2  
  100  7:16  Hellion  
  100  7:21  Siege Tank  
  100  7:22  Siege Tank  
  108  7:28  Siege Tank  
  108  7:29  Hellion, Siege Tank  
  116  7:33  Supply Depot  
  116  7:37  Hellion  
  118  7:44  Supply Depot  
  118  7:47  Supply Depot  
  118  7:49  Supply Depot  
  118  7:50  Hellion  
  120  7:53  Siege Tank  
  120  7:54  Cyclone  
  128  7:58  Hellion  
  128  8:00  Siege Tank  
  128  8:01  Siege Tank  
  118  8:25  Siege Tank  
  70  8:37  Hellion x3  
  70  8:38  Hellion x2  
  75  8:57  Cyclone  
  75  8:59  Hellion x4, Cyclone, Command Center  
  89  9:16  Terran Vehicle Weapons Level 2  
  89  9:18  SCV  
  89  9:20  Hellion x2, Cyclone x2  
  100  9:29  Cyclone  
  100  9:31  Siege Tank  
  106  9:32  SCV  
  107  9:41  Hellion x2  
  100  9:52  Siege Tank  
  105  9:53  Hellion  
  105  10:01  Siege Tank  
  105  10:03  Hellion x2, Siege Tank  
  117  10:14  Hellion  
  117  10:24  Hellion, Siege Tank  
  117  10:26  Supply Depot  
  122  10:31  Supply Depot  
  122  10:33  Siege Tank  
  125  10:36  Supply Depot, Siege Tank  
  125  10:41  Planetary Fortress  
  128  10:44  Hellion x2  
  128  10:45  Hellion  
  134  10:52  Supply Depot  
  134  10:53  Command Center  
  134  10:55  SCV  
  137  10:57  Hellion, SCV  
  138  11:07  Siege Tank x2  
  123  11:49  Siege Tank x2  
  123  11:50  Siege Tank x2  
  135  11:59  Hellion x2  
  126  12:21  Hellion x2  
  126  12:22  Hellion x3, Siege Tank  
  79  12:42  Hellion x2  
  79  12:43  Siege Tank, Hellion x2  
  82  12:52  SCV  
  82  12:54  Hellion  
  82  12:55  Refinery  
  82  12:56  Refinery  
  85  13:03  Hellion  
  85  13:04  Hellion, Siege Tank  
  85  13:05  Siege Tank  
  95  13:15  Hellion  
  95  13:16  Hellion  
  99  13:20  SCV  
  99  13:25  Hellion x2  
  104  13:32  SCV  
  105  13:36  Siege Tank x2  
  105  13:37  Hellion x2  
  111  13:46  Hellion x2  
  108  13:58  Siege Tank, Hellion  
  102  14:08  Hellion x2  
Tags
 
Add a new tag
Caveats
  • Supply blocks, unpowered buildings, or Contaminate may cause inaccurate times.
  • Supply counts are checked every 10 seconds.